 Dungeon Crawl Stone Soup version 0.25-a0-1056-g2efb326896 (webtiles) character file.

Game seed: 4811659713058385829, levelgen mode: deterministic

199 Flugslaktarn the Chopper (level 5, -3/49 HPs)
             Began as a Deep Dwarf Fighter on May 13, 2020.
             Slain by Ijyb
             ... wielding a +2 dagger of electrocution
              (10 damage)
             ... on level 4 of the Dungeon.
             The game lasted 00:00:28 (713 turns).

Flugslaktarn the Chopper (Deep Dwarf Fighter)        Turns: 713, Time: 00:00:29

Health: -3/49      AC:  7    Str: 20    XL:     5   Next: 48%
Magic:  4/4        EV:  7    Int:  8    God:
Gold:   120        SH:  9    Dex: 13    Spells: 4/4 levels left

rFire    . . .     SeeInvis .   a - +0 war axe
rCold    . . .     Gourm    .   c - +0 kite shield
rNeg     . . .     Faith    .   b - +0 scale mail
rPois    .         Spirit   .   (no helmet)
rElec    .         Reflect  .   (no cloak)
rCorr    .         Harm     .   (no gloves)
MR       .....                  (no boots)
Stlth    ..........             (no amulet)
HPRegen  0.00/turn              (no ring)
MPRegen  0.09/turn              (no ring)

@: non-regenerating
A: damage resistance, heal wounds, sense surroundings 1, no regeneration
a: Heal Wounds


You were on level 4 of the Dungeon.
You were not hungry.

You visited 1 branch of the dungeon, and saw 4 of its levels.

You collected 120 gold pieces.

Inventory:

Hand Weapons
 a - a +0 war axe (weapon)
Armour
 b - a +0 scale mail (worn)
 c - a +0 kite shield (worn)
Scrolls
 h - 2 scrolls of fog {unknown}
 i - 2 scrolls of remove curse {unknown}
 j - a scroll of teleportation {unknown}
 k - a scroll of noise {unknown}
 l - a scroll of immolation {unknown}
 n - 2 scrolls of amnesia {unknown}
 p - a scroll of identify {unknown}
Potions
 d - a potion of might
 g - 2 potions of flight {unknown}
 m - a potion of curing {unknown}
 o - a potion of stabbing {unknown}
 q - a potion of lignification {unknown}
 r - a potion of ambrosia {unknown}
Comestibles
 e - 3 rations
 f - 3 chunks of flesh


   Skills:
 + Level 3.4 Fighting
 * Level 4.4 Axes
 + Level 4.2 Armour
 + Level 4.2 Shields


You had 4 spell levels left.
You didn't know any spells.
Your spell library was empty.

Dungeon Overview and Level Annotations

Branches:
Dungeon (4/15)
 Temple: D:4-7

Altars:

Annotations:
D:4 Ijyb


Innate Abilities, Weirdness & Mutations

You are resistant to damage.
You can heal yourself by infusing magical energy.
You passively map a small area around you.
You do not regenerate.


Message History

You hit the orc.
The orc is almost dead.
You hit the orc but do no damage. You closely miss the quokka.
You closely miss Ijyb. You block the orc's attack.
Ijyb hits you but does no damage. The orc hits you but does no damage.
The quokka bites you but does no damage.
The orc hits you but does no damage.
You barely miss the orc.
The orc is almost dead.
You hit the orc.
You kill the orc!
You hit the quokka. You barely miss Ijyb. Ijyb hits you but does no damage.
You are electrocuted!
* * * LOW HITPOINT WARNING * * *
The quokka twitches its whiskers.
You block the quokka's attack. The orc hits you but does no damage.
Ijyb hits you with a +2 dagger of electrocution.
* * * LOW HITPOINT WARNING * * *
You are electrocuted!
You die...

## * * * * .# * * .#####
####### ,
.....#####.....# *, *
............##.# #, .
............##.# *.#,..,
............##.###.#.#.#
............##..)o......
,
............####@gS.....
, ,
###..............r.#....
* #.........####.#.#, #.
..........# #..... , * ,
..#,#.#* ,..# ... , ,..#
,### , ...# *


You could see Ijyb, an adder, an orc and a quokka.

Vanquished Creatures
  Duvessa (D:4)
  Dowan (D:4)
  An adder (D:2)
  A worm (D:2)
  2 dart slugs
  A leopard gecko (D:3)
  3 orcs
  2 bats (D:1)
  4 hobgoblins
  2 frilled lizards
  3 goblins
  3 kobolds
  A leopard gecko skeleton (D:4)
  3 rats
28 creatures vanquished.

Notes
Turn   | Place    | Note
-------+----------+-------------------------------------------
     0 | D:1      | Flugslaktarn the Deep Dwarf Fighter began the quest for the
                  | Orb.
     0 | D:1      | Reached XP level 1. HP: 20/20 MP: 1/1
   132 | D:1      | Reached XP level 2. HP: 27/27 MP: 2/2
   460 | D:2      | Reached XP level 3. HP: 26/33 MP: 3/3
   639 | D:4      | Noticed Duvessa
   639 | D:4      | Noticed Dowan
   647 | D:4      | Killed Duvessa
   647 | D:4      | Reached XP level 4. HP: 30/42 MP: 4/4
   647 | D:4      | Reached XP level 5. HP: 35/49 MP: 5/5
   667 | D:4      | Killed Dowan
   698 | D:4      | Noticed Ijyb
   713 | D:4      | Slain by Ijyb

Illustrated notes

Levels and vault maps discovered:
D:1:      saegor_arrival_simple_c, layout_rooms
D:2:      layout_loops_cross, overflow_temple_1_default, hangedman_ru_absence,
          minmay_split_cup_large, uniq_jessica
D:3:      layout_basic, grunt_dithmenos_smoke, serial_forest,
          infiniplex_forest_clump_small, infiniplex_forest_side_room,
          infiniplex_forest_straight_5, infiniplex_forest_straight_4,
          infiniplex_forest_clump_small, infiniplex_forest_clump_diagonal
D:4:      layout_basic, okawaru_gym_becter, minmay_temple_entry_statues_pillars,
          first_ration, minmay_pentangle, uniq_ijyb, uniq_duvessa, uniq_natasha

Skill      XL: |  1  2  3 |
---------------+----------+-----
Axes           | 3 4 |  4.4
Fighting       | 3 |  3.4
Armour         | 4 |  4.2
Shields        | 4 |  4.2

Action                   |  1- 3 |  4- 6 || total
-------------------------+-------+-------++-------
Melee: War axe           |    72 |    26 ||    98
 Abil: Heal Wounds       |       |     3 ||     3
Armor: Scale mail        |    22 |    29 ||    51
Dodge: Dodged            |    27 |    10 ||    37
Block: Kite shield       |    45 |    16 ||    61

Table legend:
 A = Non-vault XP
 B = Vault XP
 C = Vault XP percentage of total XP
 D = Non-vault monster count
 E = Vault monster count
 F = Vault count percentage of total count
                 A         B        C        D         E       F
            +---------+---------+-------+---------+---------+-------
      Total |      65 |     220 |  77.2 |      26 |       2 |   7.1
            +---------+---------+-------+---------+---------+-------
        D:1 |      16 |       0 |   0.0 |       9 |       0 |   0.0
        D:2 |      31 |       0 |   0.0 |       8 |       0 |   0.0
        D:3 |      11 |       0 |   0.0 |       6 |       0 |   0.0
        D:4 |       7 |     220 |  96.9 |       3 |       2 |  40.0
            +---------+---------+-------+---------+---------+-------
